AoeStats
← old f1sh

African Clearing

510338571Analyzed
4v4 RM · 24h ago on Sep 30, 2026· 51m 35s· 8 players
Game mode
Random Map
Map size
Large (8 player)
Population
200
Speed
Normal
Resources
Standard
Victory
Conquest
Starting age
Dark Age
Ending age
Imperial Age
RankedLock teamsTeams togetherTeam positionsShared explorationLock speedFull tech treeHidden civsTurbo modeCheats
Victory
Defeat
🇨🇳 Wei · China
1409
+14
🇨🇳 Varangians · China
1375
+15
🇨🇳 Magyars · China
1344
+16
🇦🇷 Huns · Argentina
1320
+16
🇨🇳 Berbers · China
1366
-16
🇨🇳 Byzantines · China
1363
-16
🇸🇬 Mongols · Singapore
1351
-15
🇨🇳 Huns · China
1325
-14
8316699
12:20 Feudal Age
15:01 Double-Bit Axe
15:40 Bloodlines
17:44 Castle Age
16:14 Scale Barding Armor
16:59 Horse Collar
18:04 Bloodlines
18:50 Husbandry
32:08 Heavy Plow
32:22 Bow Saw
32:39 Fletching
35:01 Wheelbarrow
34:19 Gold Mining
35:15 Heavy Plow
37:20 Hand Cart
37:38 Bodkin Arrow
40:18 Padded Archer Armor
45:00 Imperial Age
42:26 Stone Mining
43:21 Leather Archer Armor
45:16 Thumb Ring
45:49 Bracer
45:12 Elite Mangudai
46:15 Conscription
46:31 Hoardings
48:20 Chemistry
47:40 Ballistics
47:32 Masonry
49:27 Gold Shaft Mining
49:28 Stone Shaft Mining
用爱感化队友
11:18 Loom
13:56 Feudal Age
17:50 Castle Age
17:14 Double-Bit Axe
17:50 Fletching
26:19 Gold Mining
27:19 Bloodlines
27:39 Town Watch
28:56 Ballistics
30:45 Padded Archer Armor
33:56 Bodkin Arrow
35:53 Leather Archer Armor
36:57 Wheelbarrow
37:16 Stone Mining
38:06 Thumb Ring
42:14 Horse Collar
AER发到手软
5:12 Loom
11:54 Feudal Age
14:09 Double-Bit Axe
18:59 Castle Age
21:33 Wheelbarrow
28:38 Forging
28:29 Scale Mail Armor
28:41 Gambesons
28:56 Squires
28:41 Arson
30:05 Hand Cart
31:39 Iron Casting
34:23 Imperial Age
32:14 Stone Mining
32:15 Gold Mining
32:24 Gold Mining
33:41 Chain Mail Armor
34:04 Gold Shaft Mining
34:04 Stone Shaft Mining
35:26 Conscription
36:01 Plate Mail Armor
36:11 Bow Saw
35:37 Elite Varangian Guard
39:12 Stone Shaft Mining
41:16 Logistica
44:10 Two-Man Saw
42:53 Horse Collar
44:18 Scale Barding Armor
44:23 Heavy Plow
44:44 Cavalier
45:24 Husbandry
44:45 Heavy Camel Rider
46:09 Hoardings
45:59 Paladin
48:29 Chain Barding Armor
48:27 Elite Cataphract
52:14 Plate Barding Armor
missed and miss
13:06 Feudal Age
17:20 Castle Age
15:59 Double-Bit Axe
22:33 Fletching
26:08 Bodkin Arrow
32:45 Wheelbarrow
33:07 Husbandry
33:30 Loom
36:48 Ballistics
39:30 Bloodlines
39:24 Padded Archer Armor
48:39 Imperial Age
49:23 Bracer
IMPORTAINER S.A @ DaNkoN_ARG
3:28 Loom
14:20 Feudal Age
15:03 Double-Bit Axe
19:33 Scale Barding Armor
23:26 Castle Age
22:39 Gold Mining
23:44 Fletching
23:55 Padded Archer Armor
24:06 Bloodlines
25:04 Bodkin Arrow
27:47 Wheelbarrow
28:55 Leather Archer Armor
31:34 Ballistics
31:21 Husbandry
37:20 Stone Mining
38:06 Gold Shaft Mining
41:34 Imperial Age
39:19 Hand Cart
41:28 Bow Saw
42:53 Chain Barding Armor
42:44 Forging
42:01 Heavy Cavalry Archer
43:07 Parthian Tactics
42:46 Bracer
43:58 Chemistry
42:41 Horse Collar
44:01 Two-Man Saw
42:32 Capped Ram
44:52 Hand Cart
44:55 Cavalier
45:40 Light Cavalry
49:07 Forging
49:33 Chain Barding Armor
51:13 Iron Casting
50:32 Town Watch
50:16 Hussar
52:40 Plate Barding Armor
53:13 Blast Furnace
V我50%匡扶汉室
4:02 Loom
12:50 Feudal Age
17:46 Scale Barding Armor
20:25 Bloodlines
28:20 Castle Age
44:29 Corvinian Army
45:49 Horse Collar
46:11 Double-Bit Axe
47:29 Bow Saw
47:30 Heavy Plow
51:44 Imperial Age
51:18 Chain Barding Armor
涅槃重生
6:33 Loom
13:59 Feudal Age
18:20 Castle Age
16:44 Double-Bit Axe
20:07 Bow Saw
20:06 Fishing Lines
21:19 Horse Collar
23:57 Wheelbarrow
24:10 Gillnets
26:43 Heavy Plow
33:16 Imperial Age
31:46 Gold Mining
31:47 Stone Mining
31:58 Scale Mail Armor
32:09 Forging
34:10 Chain Mail Armor
34:30 Iron Casting
34:45 Coinage
34:15 Caravan
34:48 Fortified Wall
35:39 Chemistry
35:22 Plate Mail Armor
35:41 Hand Cart
37:24 Blast Furnace
35:46 Gothikon
36:46 Conscription
37:11 Arson
37:26 Squires
37:11 Gambesons
36:49 Elite Varangian Guard
39:19 Fletching
39:30 Padded Archer Armor
40:12 Stone Shaft Mining
43:02 Town Watch
43:23 Capped Ram
46:22 Siege Ram
old f1sh
14:03 Feudal Age
15:02 Double-Bit Axe
17:55 Castle Age
17:15 Fletching
17:22 Horse Collar
18:06 Gold Mining
21:28 Bodkin Arrow
25:10 Loom
28:57 Wheelbarrow
29:47 Padded Archer Armor
30:51 Husbandry
31:01 Bloodlines
31:32 Hand Cart
31:42 Bow Saw
31:33 Heavy Plow
32:47 Leather Archer Armor
33:14 Ballistics
33:37 Town Watch
39:36 Imperial Age
39:45 Imperial Age
39:37 Fortified Wall
40:31 Bracer
41:40 Chemistry
40:56 Thumb Ring
44:54 Capped Ram
46:11 Masonry
47:08 Parthian Tactics
50:45 Light Cavalry
Connection lost

Rejoining the realm…

Still unreachable

The connection could not be restored.

Session expired

The server has moved on; the page needs a fresh start.